 Dungeon Crawl Stone Soup version 0.32-a0-132-g2d33c3cfaf (webtiles) character file.

Game seed: 6450867859466724500

60 Newt the Shooter (level 4, -5/28 HPs)
             Began as a Kobold Hunter on Feb 10, 2024.
             Slain by a gnoll
             ... wielding a +0 club
              (9 damage)
             ... on level 2 of the Dungeon.
             The game lasted 00:01:03 (1520 turns).

Newt the Shooter (Kobold Hunter)                    Turns: 1520, Time: 00:01:03

Health: -5/28      AC:  3    Str:  8    XL:     4   Next: 24%
Magic:  4/4        EV: 14    Int: 10    God:
Gold:   62         SH:  5    Dex: 20    Spells: 3/3 levels left

rFire   . . .        a - +0 shortbow
rCold   . . .        (shield currently unavailable)
rNeg    . . .        c - +0 leather armour
rPois   .            (no helmet)
rElec   .            (no cloak)
rCorr   .            (no gloves)
SInv    .            (no boots)
Will    .....        g - amulet of reflection
Stlth   +++          (no ring)
HPRegen 0.24/turn    (no ring)
MPRegen 0.09/turn

%: reflection
@: no status effects
A: small, no large weapons, nightstalker 3
a: no special abilities


You were on level 2 of the Dungeon.
You visited 1 branch of the dungeon, and saw 2 of its levels.

You collected 62 gold pieces.

Inventory:

Hand Weapons
 a - a +0 shortbow (weapon)
Armour
 c - a +0 leather armour (worn)
Jewellery
 g - an amulet of reflection (around neck)
Wands
 f - a wand of iceblast (10)
Scrolls
 b - a scroll of butterflies
 e - 2 scrolls of identify
Potions
 d - a potion of haste


   Skills:
 + Level 3.2 Fighting
 * Level 6.7 Ranged Weapons
 - Level 2.4 Dodging
 - Level 1.3 Stealth


You had 3 spell levels left.
You didn't know any spells.
Your spell library contained the following spells:

 Spells                   Type           Power      Damage    Failure   Level
 Necrotise                Necr           0%         1d4       50%         1
 Vampiric Draining        Necr           0%         2d6       86%         3
 Martyr's Knell           Necr/Summ      0%         N/A       99%         4
 Curse of Agony           Necr           0%         N/A       100%        5


Dungeon Overview and Level Annotations

Branches:
Dungeon (2/15)

Altars:


Innate Abilities, Weirdness & Mutations

You are small and have problems with some larger weapons.
You are completely attuned to the shadows.


Message History

The endoplasm hits you.
You shoot an arrow. The arrow hits the endoplasm!
You kill the endoplasm!
No target in view!
A kobold comes into view. It is wielding a +1 dagger of speed.
A kobold is nearby!
You shoot an arrow. The arrow hits the kobold.
The kobold shouts!
The kobold is moderately wounded.
You hear a shout!
You hear an angry hiss.
You shoot an arrow.
The arrow hits the kobold but does no damage.
The kobold is moderately wounded.
You hear a shout!
A gnoll comes into view. It is wielding a +0 club.
You hear an angry hiss.
You shoot an arrow. The arrow hits the kobold!
You kill the kobold!
You shoot an arrow. The arrow closely misses the gnoll.
You shoot an arrow. The arrow hits the gnoll.
The gnoll is lightly wounded.
A gnoll comes into view. It is wielding a +4 halberd.
You shoot an arrow. The gnoll shouts!
The arrow hits the gnoll but does no damage.
The gnoll is lightly wounded.
You block the gnoll's attack.
There are monsters nearby!
There are monsters nearby!
You shoot an arrow. The arrow hits the gnoll.
The gnoll is heavily wounded.
A gnoll comes into view. It is wielding a +0 flail.
The gnoll hits you from afar with a +4 halberd!
The gnoll hits you with a +0 club.
Unknown command.
The gnoll barely misses you. The gnoll attacks as it pursues you!
The gnoll hits you from afar with a +4 halberd!
* * * LOW HITPOINT WARNING * * *
The gnoll attacks as it pursues you! The gnoll hits you with a +0 club!
You die...

####.####
#####..#.#########
#.......# #.##..........
#.#####.# #.##..########
###.# #.# #.##..# #...#
#.# #.....# #.### #.#
#....## #.# #.# #..### #
#.####################.##
#............@g.gg....)..
###..#............##.#...
#....##......#.#...# ..
#..#..#).#..#.#....# .
#...##.#.###.##.####
########## ### ##


You could see 3 gnolls.

Vanquished Creatures
  2 adders (D:2)
  A ribbon worm (D:2)
  4 endoplasms
  4 goblins
  3 hobgoblins
  3 quokkas (D:1)
  5 ball pythons
  3 bats
  3 frilled lizards (D:1)
  5 kobolds
  6 rats
39 creatures vanquished.

Notes
Turn   | Place    | Note
-------+----------+-------------------------------------------
     0 | D:1      | Newt the Kobold Hunter began the quest for the Orb.
     0 | D:1      | Reached XP level 1. HP: 12/12 MP: 1/1
   277 | D:1      | Reached XP level 2. HP: 18/18 MP: 2/2
   479 | D:1      | Reached skill level 6 in Ranged Weapons
   927 | D:1      | Reached XP level 3. HP: 22/22 MP: 3/3
  1249 | D:2      | Reached XP level 4. HP: 24/28 MP: 4/4
  1520 | D:2      | Slain by a gnoll

Illustrated notes

Levels and vault maps discovered:
D:1:      dpeg_arrival_shrine, layout_basic
D:2:      layout_loops_ring, basic_altar, minmay_misc_feat_rugged, wad_orctagon

Skill      XL: |  1  2  3 |
---------------+----------+-----
Ranged Weapons | 6 |  6.7
Fighting       | 3 |  3.2
Dodging        | |  2.4
Stealth        | |  1.3

Action                     |  1- 3 |  4- 6 || total
---------------------------+-------+-------++-------
   Fire: Shortbow          |    92 |    18 ||   110
    Use: Scroll            |     3 |       ||     3
 Armour: Leather armour    |    12 |     5 ||    17
  Dodge: Dodged            |    24 |     4 ||    28
  Block: Other             |     6 |     2 ||     8
         Reflection        |       |     1 ||     1

Table legend: (Time is in decaauts)
 A = Elapsed time spent in this place.
 B = Non-inter-level travel time spent in this place.
 C = Inter-level travel time spent in this place.
 D = Time resting spent in this place.
 E = Time spent auto-exploring this place.
 F = Levels seen in this place.
 G = Mean time per level.
                   A        B        C        D        E       F      G
               +--------+--------+--------+--------+--------+-----+--------+
         Total |   1536 |   1503 |     33 |      0 |   1298 |   2 |  768.0 |
       Dungeon |   1536 |   1503 |     33 |      0 |   1298 |   2 |  768.0 |
               +--------+--------+--------+--------+--------+-----+--------+

Top non-repeatable levels by time:
     D:1: 1034 daAuts
     D:2: 501 daAuts
